 Seeded DCSS version 0.30-a0-269-gf0224bf7b6 (webtiles) character file.

Game seed: 8881318422508763958 (custom seed)

133913 purpskrrrp the Wrestler (level 16, -4/137 HPs)
             Began as a Troll Fighter on Oct 14, 2022.
             Was the Champion of Qazlal.
             Slain by a seven-headed hydra (13 damage)
             ... on level 4 of the Swamp.
             The game lasted 00:55:08 (23302 turns).

purpskrrrp the Wrestler (Troll Fighter)            Turns: 23302, Time: 00:55:09

Health: -4/137     AC: 14    Str: 34    XL:     16   Next: 60%
Magic:  15/19      EV:  9    Int:  4    God:    Qazlal [******]
Gold:   2723       SH: 29    Dex:  9    Spells: 15/15 levels left

rFire   + . .      SeeInvis +      - Unarmed
rCold   + . .      Faith    .    b - +5 kite shield
rNeg    . . .      Spirit   .    d - +5 robe of Night {Dark Will+ SInv}
rPois   .          Reflect  +    P - +2 hat
rElec   .          Harm     .    i - scarf {rC+ rF+}
rCorr   .          Rampage  .    (gloves unavailable)
Will    ++...                    (boots unavailable)
Stlth   +.........               t - amulet of reflection
HPRegen 1.22/turn                x - +4 ring of slaying
MPRegen 0.16/turn                V - +4 ring of slaying

@: protected from physical damage, repel missiles, very slow
A: large, unfitting armour, claws 3, regeneration 1, shaggy fur 1, tough skin 1,
no potion heal 1
a: Renounce Religion, Upheaval, Elemental Force, Disaster Area


You were on level 4 of the Swamp.
You worshipped Qazlal.
Qazlal was exalted by your worship.
You visited 5 branches of the dungeon, and saw 27 of its levels.
You also visited: Ice Cave.

You collected 3157 gold pieces.
You spent 434 gold pieces at shops.

Inventory:

Armour
 b - a +5 kite shield (worn)
 d - the +5 robe of Night (worn) {Dark Will+ SInv}
   (You acquired it on level 4 of the Dungeon)

   It shrouds the wearer in darkness, reducing the range at which they can see
   and be seen by others.
   SInv:      It lets you see invisible.
   Will:      It increases your willpower.
 i - a scarf of resistance (worn)
 o - +0 swamp dragon scales
 P - a +2 hat (worn)
Jewellery
 c - the ring of Odghiuc {EV+4 Int+7}
   (You found it on level 5 of the Lair of Beasts)

   [ring of evasion]

   EV:        It affects your evasion (+4).
   Int:       It affects your intelligence (+7).
 p - a ring of positive energy
 r - a +4 ring of protection
 t - an amulet of reflection (around neck)
 u - the ring "Ziowef" {rPois Stlth+}
   (You found it on level 13 of the Dungeon)

   [ring of poison resistance]

   rPois:     It protects you from poison.
   Stlth:     It makes you more stealthy.
 x - a +4 ring of slaying (left claw)
 y - a ring of resist corrosion
 C - a +6 ring of dexterity
 D - a ring of willpower
 F - a ring of see invisible
 G - a +6 ring of strength
 L - a ring of poison resistance
 N - a +4 ring of protection
 V - a +4 ring of slaying (right claw)
 Y - a +6 ring of dexterity
Wands
 g - a wand of acid (5)
 s - a wand of mindburst (41)
 v - a wand of flame (44)
 U - a wand of polymorph (12)
 X - a wand of paralysis (24)
 Z - a wand of iceblast (7)
Scrolls
 a - a scroll of identify
 f - 6 scrolls of teleportation
 h - 2 scrolls of amnesia
 k - 3 scrolls of enchant armour
 q - a scroll of brand weapon
 w - 5 scrolls of fog
 E - a scroll of fear
 H - 2 scrolls of enchant weapon
 I - a scroll of silence
 M - a scroll of summoning
 O - a scroll of blinking
 S - 3 scrolls of magic mapping
Potions
 e - 10 potions of curing
 j - 6 potions of brilliance
 l - 4 potions of cancellation
 m - a potion of berserk rage
 n - a potion of magic
 z - 2 potions of invisibility
 A - 4 potions of flight
 B - 2 potions of mutation
 J - 2 potions of resistance
 Q - 2 potions of heal wounds
Miscellaneous
 K - a phantom mirror


   Skills:
 + Level 4.2 Fighting
 + Level 4.2 Dodging
 + Level 13.7 Shields
 * Level 24.4 Unarmed Combat
 + Level 6.5 Invocations


You had 15 spell levels left.
You didn't know any spells.
Your spell library contained the following spells:

 Spells                   Type           Power      Damage    Failure   Level
 Magic Dart               Conj           0%         1d3       67%         1
 Shock                    Conj/Air       0%         1d3       67%         1
 Sting                    Tmut/Pois      0%         1d3       67%         1
 Call Imp                 Summ           0%         N/A       80%         2
 Ensorcelled Hibernation  Hex/Ice        0%         N/A       80%         2
 Passwall                 Tmut/Erth      0%         N/A       80%         2
 Poisonous Vapours        Pois/Air       0%         N/A       80%         2
 Sublimation of Blood     Necr           0%         N/A       80%         2
 Frozen Ramparts          Ice            0%         1d1       95%         3
 Gell's Gravitas          Tloc           0%         N/A       95%         3
 Kindle Blastsparks       Fire/Tloc/Air  0%         2d10      95%         3
 Lesser Beckoning         Tloc           0%         N/A       95%         3
 Mephitic Cloud           Conj/Pois/Air  0%         N/A       95%         3
 Swiftness                Air            0%         N/A       95%         3
 Teleport Other           Tloc           0%         N/A       95%         3
 Airstrike                Air            0%         2d(0-16)  100%        4
 Fulminant Prism          Conj/Hex       0%         3d6       100%        4
 Ice Form                 Ice/Tmut       0%         N/A       100%        4
 Iskenderun's Mystic Bla  Conj/Tloc      0%         2d3       100%        4
 Olgreb's Toxic Radiance  Pois           0%         N/A       100%        4
 Petrify                  Tmut/Erth      0%         N/A       100%        4
 Summon Ice Beast         Ice/Summ       0%         N/A       100%        4
 Irradiate                Conj/Tmut      0%         3d11      100%        5
 Lee's Rapid Deconstruct  Erth           0%         3d5*      100%        5
 Yara's Violent Unravell  Hex/Tmut       0%         3d3       100%        5
 Dispersal                Tloc           0%         N/A       100%        6
 Enfeeble                 Hex            0%         N/A       100%        7


Dungeon Overview and Level Annotations

Branches:
Dungeon (15/15)            Temple (1/1) D:6            Lair (5/5) D:8
  Swamp (4/4) Lair:2       Spider (0/4) Lair:3        Slime (0/5) Lair:5
    Orc (2/2) D:10            Elf (0/3) Orc:2        Vaults (0/5) D:13
 Depths (0/4) D:15          IceCv (visited)

Altars:
Ashenzari
Cheibriados
Dithmenos
Elyvilon
Fedhas
Gozag
Hepliaklqana
Kikubaaqudgha
Makhleb
Nemelex Xobeh
Okawaru
Qazlal
Ru
Sif Muna
Trog
Uskayaw
Vehumet
Wu Jian
Xom
Yredelemnul
Zin
The Shining One
Jiyva

Shops:
Orc:1 ?   Orc:2 :[(*


Innate Abilities, Weirdness & Mutations

You are too large for most types of armour.
You have claws for hands.
Your natural rate of healing is unusually fast.
You are covered in fur. (AC +1)
You have tough skin. (AC +1)
Potions are less effective at restoring your health.


Message History

You hear a roar!
You hear a deafening roar!
Your will-o-the-wisp blinks!
Your will-o-the-wisp engulfs the seven-headed hydra!!
The seven-headed hydra attacks as you move away!
The seven-headed hydra bites you. x2
You block the seven-headed hydra's attack.
The seven-headed hydra barely misses you.
The seven-headed hydra bites you but does no damage.
You block the seven-headed hydra's attack.
The seven-headed hydra bites you but does no damage.
You hear a roar!
The seven-headed hydra barely misses you. x2
The seven-headed hydra bites you but does no damage.
The seven-headed hydra barely misses you.
You block the seven-headed hydra's attack.
The seven-headed hydra bites you but does no damage.
You block the seven-headed hydra's attack.
The eight-headed hydra is struck by lightning.
You hear a roar! x2
You hear a roar!
You enter the shallow water.
Moving in this stuff is going to be slow.
You hear a roar! x2
You block the eight-headed hydra's attack. x4
The eight-headed hydra bites you!
* * * LOW HITPOINT WARNING * * *
You feel more protected from physical attacks.
The eight-headed hydra completely misses you.
The eight-headed hydra bites you.
* * * LOW HITPOINT WARNING * * *
The eight-headed hydra bites you but does no damage.
The seven-headed hydra attacks as you move away!
You block the seven-headed hydra's attack. x2
The seven-headed hydra bites you!
* * * LOW HITPOINT WARNING * * *
The seven-headed hydra bites you!
* * * LOW HITPOINT WARNING * * *
You block the seven-headed hydra's attack.
The seven-headed hydra bites you!
You die...

♣~~~~~~~~~~~~
♣♣....~♣...§~~ ~~~
♣♣♣..~~.♣♣.~.~.~~ ~~
♣.~♣~~~..~~~~♣.~~§~~ ~.
♣.<♣.~....v~~..~~~~§♣♣♣ ♣
♣♣♣♣~.§~.)~~~~~.~~....♣♣♣♣
~~~.~§○°~°°~~~~~~~.~~.♣♣
.~~..~~~D†~~~~~~~~~~~~.D
.....~@D.DD~v~~~~.°○~~~
♣~~~..○♣♣♣♣.~~~~~.°°..~
♣.~~§°♣♣ ♣.~~~~~~.♣D~♣
~.~~~~♣ ♣§~~~~~~~.♣♣♣
.~~~♣ ♣.~~~§.~~~♣♣♣ §..~
♣.~~§~..~~.♣♣
♣♣~~~..~~~~.♣ ♣..~♣~~~~~~♣
♣♣♣♣♣♣.~~..♣


You could see an eight-headed hydra, 2 seven-headed hydras, a swamp dragon and a
friendly will-o-the-wisp (summoned).

Vanquished Creatures
  Nikola (Swamp:2)
  Jorgrun (D:15)
  Frances (D:13)
  Gastronok (Lair:1)
  Donald (Swamp:3)
  Aizul (Swamp:1)
  An orc warlord (Orc:1)
  A reaper (IceCv)
  5 eleionomae
  3 bunyips (Swamp:3)
  2 fire dragons (D:15)
  Snorg (Orc:1)
  Fannar (D:10)
  A vault guard (D:13)
  5 hydras
  An ogre mage (Orc:1)
  4 catoblepae (Lair:5)
  A ghost crab (Swamp:2)
  2 centaur warriors
  11 two-headed ogres
  9 alligators
  10 death yaks
  4 orc high priests (Orc:2)
  Sonja (Lair:1)
  Urug (Lair:4)
  12 spriggans
  A wizard (D:14)
  3 spriggan druids
  5 goliath frogs
  5 swamp dragons
  5 bog bodies
  3 orc sorcerers
  Pikel (D:5)
  2 lindwurms
  A wolf spider (D:15)
  5 cyclopes
  14 ugly things
  4 manticores
  3 black mambas
  6 will-o-the-wisps
  2 ice statues (IceCv)
  Maurice (Orc:1)
  23 elephants
  Joseph (Lair:1)
  2 torpor snails (Lair:4)
  3 gargoyles
  12 cane toads
  7 komodo dragons
  2 rime drakes (Lair:1)
  2 anaconda simulacra (IceCv)
  A freezing wraith (D:15)
  5 ice devils (IceCv)
  4 meliai
  4 polar bears
  4 trolls
  A wolf spider simulacrum (D:15)
  A meliai (shapeshifter) (D:13)
  13 hornets
  4 tyrant leeches
  A polar bear (shapeshifter) (D:13)
  22 blink frogs
  Prince Ribbit (D:5)
  5 slime creatures
  2 shadows
  A spriggan (shapeshifter) (D:15)
  4 wraiths
  8 basilisks
  3 water elementals (D:14)
  A dire elephant simulacrum (IceCv)
  73 yaks
  Grum (D:9)
  7 wyverns
  Eustachio (D:5)
  The ghost of Darkkill the Shooter, an amateur HuHu (D:4)
  2 death yak simulacra (IceCv)
  A steam dragon (D:9)
  A redback simulacrum (D:14)
  5 vampire mosquitoes
  An acid dragon (D:11)
  8 swamp worms
  4 wargs
  15 water moccasins
  2 hell hounds (Lair:1)
  6 swamp drakes
  An ice beast (D:3)
  16 orc warriors
  A black bear (Lair:1)
  8 ogres
  A tengu (shapeshifter) (D:15)
  15 wolves
  A lemure (D:5)
  9 centaurs
  12 bullfrogs
  7 kobold brigands
  2 gnoll sergeants
  A cane toad simulacrum (IceCv)
  2 scorpions
  2 necrophages
  A two-headed ogre simulacrum (IceCv)
  15 killer bees
  An elephant simulacrum (IceCv)
  8 howler monkeys
  4 electric eels
  2 hounds
  4 jellies
  35 orc priests
  3 gnoll boudas
  29 orc wizards
  7 hell rats (Lair:2)
  A polar bear simulacrum (IceCv)
  3 spriggan simulacra (IceCv)
  3 troll simulacra (IceCv)
  A wolf simulacrum (IceCv)
  20 gnolls
  5 adders
  3 naga simulacra (IceCv)
  19 white imps
  An ufetubus (IceCv)
  2 worms
  A dart slug (D:1)
  59 orcs
  5 bats
  5 endoplasms
  2 giant cockroaches
  9 goblins
  5 hobgoblins
  5 jackals
  35 kobolds
  4 quokkas
  6 ball pythons
  5 frilled lizards
  8 rats
802 creatures vanquished.

Vanquished Creatures (collateral kills)
  A swamp drake (Swamp:4)
1 creature vanquished.

Vanquished Creatures (others)
  A will-o-the-wisp (Swamp:4)
  4 bloated husks
  20 foxfires
  14 fungi
  44 plants
83 creatures vanquished.

Grand Total: 886 creatures vanquished

Notes
Turn   | Place    | Note
-------+----------+-------------------------------------------
     0 | D:1      | purpskrrrp the Troll Fighter began the quest for the Orb.
     0 | D:1      | Reached XP level 1. HP: 22/22 MP: 0/0
   165 | D:1      | Reached XP level 2. HP: 29/29 MP: 1/1
   375 | D:1      | Reached skill level 3 in Unarmed Combat
   503 | D:1      | Reached XP level 3. HP: 36/36 MP: 2/2
  1143 | D:2      | Reached skill level 4 in Unarmed Combat
  1173 | D:2      | Reached XP level 4. HP: 36/44 MP: 3/3
  1526 | D:3      | Noticed an ice beast
  1531 | D:3      | Killed an ice beast
  1532 | D:3      | Reached skill level 5 in Unarmed Combat
  1532 | D:3      | Reached XP level 5. HP: 31/50 MP: 4/4
  2089 | D:4      | Identified a scroll of acquirement
  2089 | D:4      | Acquired the +5 robe of Night {Dark Will+ SInv}
  2089 | D:4      | Found the +5 robe of Night {Dark Will+ SInv}
  2248 | D:4      | Reached skill level 6 in Unarmed Combat
  2403 | D:4      | Reached XP level 6. HP: 59/59 MP: 5/5
  2790 | D:4      | Found a runed translucent gate.
  2791 | D:4      | Found a runed translucent gate.
  2791 | D:4      | Noticed Darkkill's ghost (amateur HuHu)
  2792 | D:4      | Found a runed translucent gate.
  3137 | D:4      | Paralysed by a kobold for 4 turns
  3147 | D:4      | Reached skill level 7 in Unarmed Combat
  3154 | D:4      | Killed Darkkill's ghost
  3155 | D:4      | Reached XP level 7. HP: 50/66 MP: 4/6
  3249 | D:5      | Entered Level 5 of the Dungeon
  3257 | D:5      | Noticed Eustachio
  3263 | D:5      | Killed Eustachio
  3264 | D:5      | Reached skill level 8 in Unarmed Combat
  3399 | D:5      | Noticed Pikel
  3411 | D:5      | Killed Pikel
  3412 | D:5      | Reached skill level 9 in Unarmed Combat
  3412 | D:5      | Reached XP level 8. HP: 53/74 MP: 3/7
  3419 | D:5      | Reached skill level 10 in Unarmed Combat
  3600 | D:5      | Noticed Prince Ribbit
  3608 | D:5      | Killed Prince Ribbit
  3628 | D:5      | Reached skill level 11 in Unarmed Combat
  4184 | D:6      | Found a staircase to the Ecumenical Temple.
  4203 | Temple   | Entered the Ecumenical Temple
  4490 | Temple   | Became a worshipper of Qazlal Stormbringer
  4728 | D:6      | Reached XP level 9. HP: 78/80 MP: 8/8
  4796 | D:6      | Found a glowing golden altar of the Shining One.
  4835 | D:6      | Reached skill level 12 in Unarmed Combat
  5614 | D:7      | Found a glowing silver altar of Zin.
  5619 | D:7      | Found a faded altar of an unknown god.
  5621 | D:7      | Found a snail-covered altar of Cheibriados.
  5624 | D:7      | Found a faded altar of an unknown god.
  5630 | D:7      | Reached skill level 13 in Unarmed Combat
  5637 | D:7      | Found a shadowy altar of Dithmenos.
  5948 | D:7      | Reached * piety under Qazlal
  6067 | D:8      | Noticed a two-headed ogre
  6074 | D:8      | Killed a two-headed ogre
  6075 | D:8      | Reached skill level 14 in Unarmed Combat
  6148 | D:8      | Reached XP level 10. HP: 88/88 MP: 9/9
  6316 | D:8      | Found a staircase to the Lair.
  6739 | D:9      | Reached skill level 15 in Unarmed Combat
  6840 | D:9      | Found an opulent altar of Gozag.
  6925 | D:9      | Noticed Grum
  6943 | D:8      | Reached ** piety under Qazlal
  7118 | D:9      | Killed Grum
  7354 | D:10     | Entered Level 10 of the Dungeon
  7415 | D:10     | Reached skill level 16 in Unarmed Combat
  7609 | D:10     | Paralysed by a hornet for 2 turns
  7766 | D:10     | Found a staircase to the Orcish Mines.
  7859 | D:10     | Noticed a two-headed ogre
  7859 | D:10     | Noticed Fannar
  7871 | D:10     | Killed a two-headed ogre
  7872 | D:10     | Reached XP level 11. HP: 41/94 MP: 10/10
  7883 | D:10     | Killed Fannar
  8130 | D:10     | Reached skill level 5 in Shields
  8188 | D:10     | Noticed a two-headed ogre
  8193 | D:10     | Killed a two-headed ogre
  8290 | D:10     | Found an ancient bone altar of Kikubaaqudgha.
  8436 | D:11     | Noticed a two-headed ogre
  8448 | D:11     | Killed a two-headed ogre
  8449 | D:11     | Reached skill level 17 in Unarmed Combat
  8641 | D:11     | Noticed a two-headed ogre
  8650 | D:11     | Killed a two-headed ogre
  8917 | D:12     | Noticed a two-headed ogre
  8920 | D:12     | Killed a two-headed ogre
  8972 | D:12     | Reached *** piety under Qazlal
  9315 | D:12     | Reached skill level 18 in Unarmed Combat
  9315 | D:12     | Reached XP level 12. HP: 104/104 MP: 11/11
  9921 | D:13     | Found a frozen archway.
  9933 | D:12     | HP: 2/104 [meliai/divine providence (8)]
 10289 | IceCv    | Entered an ice cave
 10316 | IceCv    | Reached **** piety under Qazlal
 10549 | IceCv    | Noticed a reaper
 10640 | IceCv    | Killed a reaper
 10994 | D:13     | Reached skill level 19 in Unarmed Combat
 11086 | D:13     | Noticed a two-headed ogre
 11089 | D:13     | Killed a two-headed ogre
 11349 | D:13     | Noticed Frances
 11362 | D:13     | Killed Frances
 11809 | D:13     | Identified the ring "Ziowef" {rPois Stlth+}
 12008 | D:13     | Noticed a vault guard
 12014 | D:13     | Killed a vault guard
 12032 | D:13     | Found a gate to the Vaults.
 12154 | D:14     | Noticed a centaur warrior
 12156 | D:14     | Killed a centaur warrior
 12196 | D:14     | Noticed a four-headed hydra
 12202 | D:14     | Killed a seven-headed hydra
 12203 | D:14     | Reached XP level 13. HP: 78/110 MP: 12/12
 12296 | D:14     | Identified the +6 falchion of Ceitol {vamp, Drain rPois
                  | Dex-4 SInv}
 12504 | D:14     | You fall into a shaft and drop 1 floor!
 12504 | D:15     | Entered Level 15 of the Dungeon
 12515 | D:15     | Reached skill level 20 in Unarmed Combat
 12567 | D:15     | Noticed Jorgrun
 12578 | D:15     | Killed Jorgrun
 12578 | D:15     | Reached ***** piety under Qazlal
 12708 | D:15     | Found Paucod's General Store.
 12871 | D:15     | Reached skill level 10 in Shields
 13012 | D:15     | Noticed a fire dragon
 13014 | D:15     | Noticed a fire dragon
 13020 | D:15     | Killed a fire dragon
 13029 | D:15     | Killed a fire dragon
 13085 | D:15     | Found a staircase to the Depths.
 13792 | Lair:1   | Entered Level 1 of the Lair of Beasts
 13792 | Lair:1   | Noticed Sonja
 13796 | Lair:1   | Killed Sonja
 13836 | Lair:1   | Reached skill level 21 in Unarmed Combat
 13876 | Lair:1   | Noticed Joseph
 13882 | Lair:1   | Killed Joseph
 14028 | Lair:1   | Noticed Gastronok
 14041 | Lair:1   | Killed Gastronok
 14328 | Lair:1   | Reached XP level 14. HP: 118/118 MP: 13/13
 15466 | Lair:2   | Found a staircase to the Swamp.
 16073 | Lair:3   | Reached skill level 22 in Unarmed Combat
 16235 | Lair:3   | Reached ****** piety under Qazlal
 16495 | Lair:3   | Found a hole to the Spider Nest.
 16659 | Lair:4   | Noticed Urug
 16673 | Lair:4   | Killed Urug
 17793 | Lair:5   | Entered Level 5 of the Lair of Beasts
 17826 | Lair:5   | Reached skill level 1 in Invocations
 17880 | Lair:5   | Reached XP level 15. HP: 123/124 MP: 14/14
 18035 | Lair:5   | Reached skill level 23 in Unarmed Combat
 18358 | Lair:5   | Found a staircase to the Slime Pits.
 18358 | Lair:5   | Found a viscous altar of Jiyva.
 18362 | Lair:5   | Identified the ring of Odghiuc {EV+4 Int+7}
 18535 | Lair:5   | Identified the +5 short sword "Ydyapsyi" {vorpal, rPois}
 19293 | Orc:1    | Entered Level 1 of the Orcish Mines
 19319 | Orc:1    | Paralysed by an ogre mage for 2 turns
 19473 | Orc:2    | Entered Level 2 of the Orcish Mines
 19547 | Orc:2    | Found a staircase to the Elven Halls.
 19641 | Orc:2    | Gained mutation: Potions are less effective at restoring
                  | your health. [a neqoxec]
 19791 | Orc:2    | Found Nugiaxog's Antique Armour Shoppe.
 19792 | Orc:2    | Found Mahidim's Book Shoppe.
 19793 | Orc:2    | Found Esme's Weapon Emporium.
 19795 | Orc:2    | Found Yppobbur's General Store.
 19799 | Orc:2    | Bought a potion of heal wounds for 65 gold pieces
 19799 | Orc:2    | Bought a scroll of enchant armour for 97 gold pieces
 20247 | Orc:1    | Noticed Snorg
 20255 | Orc:1    | Killed Snorg
 20327 | Orc:1    | Paralysed by an orc sorcerer for 3 turns
 20333 | Orc:1    | Noticed Maurice
 20339 | Orc:1    | Killed Maurice
 20383 | Orc:1    | Found Aphiusam's Magic Scroll Shoppe.
 20390 | Orc:1    | Bought a scroll of enchant armour for 120 gold pieces
 20390 | Orc:1    | Bought a scroll of summoning for 152 gold pieces
 20808 | Swamp:1  | Entered Level 1 of the Swamp
 20820 | Swamp:1  | Reached skill level 5 in Invocations
 21049 | Swamp:1  | Noticed Aizul
 21060 | Swamp:1  | Killed Aizul
 21594 | Swamp:2  | Noticed Nikola
 21610 | Swamp:2  | Killed Nikola
 21611 | Swamp:2  | Reached XP level 16. HP: 82/132 MP: 19/19
 21752 | Swamp:2  | Reached skill level 24 in Unarmed Combat
 21800 | Swamp:2  | Identified the +2 robe "Passen" {-Tele Rampage rN+ Str+4}
 22141 | Swamp:3  | Noticed Donald
 22154 | Swamp:3  | Killed Donald
 22387 | Swamp:3  | Identified the +0 pair of boots "Ukaguteo" {-Tele rPois
                  | Str+5}
 23049 | Swamp:4  | Entered Level 4 of the Swamp
 23302 | Swamp:4  | Slain by a seven-headed hydra

Illustrated notes

Levels and vault maps discovered:
D:1:      lemuel_arrival_hallway, layout_basic, serial_bayou,
          serial_bayou_pond_e, serial_bayou_ford_a, serial_bayou_lagoon_b,
          serial_bayou_shore_a, grunt_decor_mini_mirrors
D:2:      minmay_alternating_diamond, layout_rooms, minmay_surrounded
D:3:      layout_basic
D:4:      layout_loops_corners, gammafunk_ghost_nasty_kobolds
D:5:      layout_basic, kennysheep_flooded_box, uniq_prince_ribbit1, uniq_pikel,
          uniq_eustachio
D:6:      layout_loops_ring, mainiacjoe_overflow_concentric_impassable,
          minmay_temple_entry_mini_moons, nicolae_eternal_life, corner_web_ring
D:7:      layout_loops_corners, chequers_temple_overflow_minitemple
D:8:      layout_rooms, david_lair_shrubbed
D:9:      layout_cave_pools, nicolae_gozag_cash_rules_everything_around_me,
          uniq_grum
D:10:     layout_basic, kiku_gazebo_pond_becter, orc_0_dummy,
          grunt_ministairs_4, kennysheep_cross_room, uniq_fannar
D:11:     layout_cave_pools
D:12:     layout_irregular_city
D:13:     layout_basic, david_vaults_5, portal_ice_cave_entry_imps, uniq_frances
D:14:     layout_basic, kennysheep_pointless_box, serial_curves, eino_curves_03,
          eino_curves_04
D:15:     grunt_enter_depths_hoard, layout_long_grid, serial_shops,
          nicolae_square_shop, uniq_jorgrun
Temple:   eino_temple_rhombus
Lair:1:   layout_cave_pods, enter_volcano_3, uniq_joseph, uniq_sonja,
          uniq_gastronok
Lair:2:   layout_small_grid, skrybe_swamp_entry_bodies, serial_bayou_shore_b,
          grunt_megastairs_5
Lair:3:   layout_misc_corridors, hellmonk_spider_entry_not_the_bees
Lair:4:   layout_cave_pods, uniq_urug
Lair:5:   evilmike_catoblepas_cave, layout_cave_pods, slime_entry_1,
          st_stairs_12
Swamp:1:  layout_basic_swamp, nicolae_swamp_little_tower, swamp_pool5,
          uniq_aizul
Swamp:2:  layout_falls_marsh, evilmike_swamp_ruin_house_4, uniq_nikola
Swamp:3:  layout_basic_swamp, evilmike_swamp_ruin_rubble_1, swamp_pool1,
          nicolae_swamp_soggy_hallways, infiniplex_staircase_pool_2, uniq_donald
Swamp:4:  swamp_alternative, layout_basic_swamp, swamp_pool5,
          beargit_kiku_chapel, infiniplex_staircase_pool
Orc:1:    layout_diamond_mine, serial_shops, nicolae_shop_hallway_plus,
          uniq_snorg, uniq_maurice
Orc:2:    st_orc_mages, layout_caves, basic_altar

Skill      XL: |  1  2  3  4  5  6  7  8  9 10 11 12 13 14 15 16 |
---------------+-------------------------------------------------+-----
Unarmed Combat | 3 4 5 6 7 9 11 14 16 18 19 21 22 23 24 | 24.4
Shields        | 4 7 9 10 12 13 | 13.7
Invocations    | 1 5 6 |  6.5
Fighting       | 4 |  4.2
Dodging        | 4 |  4.2

Action                   |  1- 3 |  4- 6 |  7- 9 | 10-12 | 13-15 | 16-18 || total
-------------------------+-------+-------+-------+-------+-------+-------++-------
Melee: Unarmed           |   106 |   126 |   218 |   492 |  1041 |   178 ||  2161
Throw: Large rock        |       |       |       |    66 |     1 |       ||    67
       Throwing net      |       |       |       |     1 |       |       ||     1
Invok: Upheaval          |       |       |       |       |     3 |     1 ||     4
       Elemental Force   |       |       |       |       |     2 |     1 ||     3
Evoke: Wand              |       |       |       |       |     1 |       ||     1
  Use: Potion            |       |     2 |       |     8 |     2 |     3 ||    15
       Scroll            |       |    11 |     5 |    21 |     5 |     4 ||    46
 Stab: Sleeping          |     1 |       |       |       |       |       ||     1
       Distracted        |       |     1 |       |       |       |       ||     1
Armor: Robe              |    36 |    37 |    70 |   100 |   210 |    48 ||   501
Dodge: Dodged            |    36 |    33 |    44 |    91 |   175 |    40 ||   419
       Repelled          |       |       |       |     2 |     2 |     1 ||     5
Block: Kite shield       |    39 |    39 |   100 |   358 |  1024 |   195 ||  1755
       Reflection        |       |       |     1 |    30 |    13 |     6 ||    50

Table legend: (Time is in decaauts)
 A = Elapsed time spent in this place.
 B = Non-inter-level travel time spent in this place.
 C = Inter-level travel time spent in this place.
 D = Time resting spent in this place.
 E = Time spent auto-exploring this place.
 F = Levels seen in this place.
 G = Mean time per level.
                   A        B        C        D        E       F      G
               +--------+--------+--------+--------+--------+-----+--------+
         Total |  23132 |  21434 |   1698 |   1344 |  16114 |  28 |  826.1 |
       Dungeon |  13008 |  12156 |    852 |    592 |   9548 |  15 |  867.2 |
        Temple |    303 |    190 |    113 |      0 |    170 |   1 |  303.0 |
          Lair |   5339 |   4912 |    427 |    110 |   3941 |   5 | 1067.8 |
         Swamp |   2611 |   2444 |    167 |    497 |   1479 |   4 |  652.8 |
  Orcish Mines |   1292 |   1154 |    138 |    107 |    759 |   2 |  646.0 |
      Ice Cave |    576 |    576 |      0 |     38 |    216 |   1 |  576.0 |
               +--------+--------+--------+--------+--------+-----+--------+

Top non-repeatable levels by time:
    D:12: 1401 daAuts
  Lair:2: 1288 daAuts
    D:13: 1267 daAuts
  Lair:5: 1237 daAuts
     D:4: 1153 daAuts
  Lair:4: 1145 daAuts
    D:10: 1137 daAuts
    D:15: 1080 daAuts
  Lair:1: 1033 daAuts
 Swamp:1: 906 daAuts
 Swamp:3: 897 daAuts
     D:8: 893 daAuts
     D:1: 884 daAuts
     D:7: 876 daAuts
     D:5: 833 daAuts
